 Dungeon Crawl Stone Soup version 0.28.0-1-gb440e238dd (webtiles) character file.

Game seed: 660055468654137191

147 pkoi the Chiller (level 5, -1/38 HPs)
             Began as a Draconian Ice Elementalist on Feb 21, 2022.
             Slain by an orc warrior (6 damage)
             ... on level 4 of the Dungeon.
             The game lasted 00:04:40 (3880 turns).

pkoi the Chiller (Draconian Ice Elementalist)       Turns: 3880, Time: 00:04:41

Health: -1/38      AC:  6    Str: 10    XL:     5   Next: 7%
Magic:  16/18      EV: 12    Int: 18    God:
Gold:   123        SH:  0    Dex: 11    Spells: 1/9 levels left

rFire   . . .      SeeInvis .   b - +3 dagger (vamp)
rCold   + . .      Faith    .   (no shield)
rNeg    . . .      Spirit   .   (armour unavailable)
rPois   .          Reflect  .   (helmet restricted)
rElec   .          Harm     .   (no cloak)
rCorr   .          Rampage  .   (no gloves)
Will    .....                   k - +0 pair of boots
Stlth   ++........              (no amulet)
HPRegen 0.12/turn               d - ring of magical power
MPRegen 0.16/turn               o - ring of protection from cold

@: mighty, freezing walls
A: AC +5, unfitting armour, cold-blooded
a: no special abilities


You were on level 4 of the Dungeon.
You visited 1 branch of the dungeon, and saw 6 of its levels.

You collected 123 gold pieces.

Inventory:

Hand Weapons
 a - a +0 dagger
 b - a +3 vampiric dagger (weapon)
Missiles
 g - 5 poisoned darts
 i - 3 atropa-tipped darts
Armour
 k - a +0 pair of boots (worn)
Jewellery
 d - a ring of magical power (left hand)
 o - a ring of protection from cold (right hand)
Scrolls
 e - 4 scrolls of enchant armour {unknown}
 f - 2 scrolls of teleportation {unknown}
 h - a scroll of fear {unknown}
 m - a scroll of brand weapon {unknown}
 n - a scroll of immolation {unknown}
 p - a scroll of holy word {unknown}
 q - a scroll of noise {unknown}
Potions
 c - a potion of might
 j - 2 potions of curing {unknown}
 l - a potion of attraction {unknown}


   Skills:
 - Level 1.7 Dodging
 + Level 2.1 Stealth
 + Level 2.6 Spellcasting
 + Level 0.2 Conjurations
 * Level 5.9 Ice Magic


You had one spell level left.
You knew the following spells:

 Your Spells              Type           Power      Damage    Failure   Level
a - Freeze                Ice            92%        1d10      1%          1
b - Frozen Ramparts       Ice            46%        1d6       4%          3
c - Ozocubu's Armour      Ice            23%        N/A       4%          3
d - Magic Dart            Conj           12%        1d3       16%         1

Your spell library contained the following spells:

 Spells                   Type           Power      Damage    Failure   Level
 Ensorcelled Hibernation  Hex/Ice        26%        N/A       8%          2
 Call Imp                 Summ           2%         N/A       26%         2
 Passwall                 Tmut/Erth      1%         N/A       26%         2
 Mephitic Cloud           Conj/Pois/Air  2%         N/A       43%         3
 Hailstorm                Conj/Ice       13%        3d5       43%         4
 Swiftness                Air            2%         N/A       45%         3


Dungeon Overview and Level Annotations

Branches:
Dungeon (6/15)
 Temple: D:4-7

Altars:
Fedhas
Yredelemnul
The Shining One

Annotations:
D:3 1 runed translucent door


Innate Abilities, Weirdness & Mutations

Your plain brown scales are hard. (AC +5)
You cannot fit into any form of body armour.
You are cold-blooded and may be slowed by cold attacks.


Message History

The wall freezes the orc warrior.
Unknown command.
You hit the orc warrior but do no damage.
You tail-slap the orc warrior, but do no damage.
The orc warrior is lightly wounded.
The wall freezes the orc warrior!
The orc warrior hits you with a +0 mace!
* * * LOW HITPOINT WARNING * * *
The wall freezes the orc wizard.
You barely miss the orc warrior.
The orc warrior is moderately wounded.
The wall freezes the orc warrior.
The orc warrior closely misses you.
The wall freezes the orc wizard.
Unknown command.
You closely miss the orc warrior.
The orc warrior is moderately wounded.
The wall freezes the orc warrior.
The orc warrior grunts loudly.
The orc warrior barely misses you.
The wall freezes the orc.
The orc wizard hits you with a +0 dagger.
* * * LOW HITPOINT WARNING * * *
You barely miss the orc warrior.
You tail-slap the orc warrior, but do no damage.
The orc warrior is heavily wounded.
The wall freezes the orc warrior.
The orc warrior hits you with a +0 mace!
* * * LOW HITPOINT WARNING * * *
The wall freezes the orc.
The orc wizard misses you.
You closely miss the orc warrior.
The orc warrior is severely wounded.
The wall freezes the orc warrior.
The orc warrior hits you with a +0 mace!
* * * LOW HITPOINT WARNING * * *
The wall freezes the orc.
The orc wizard hits you but does no damage.
It was a potion of might.
You feel very mighty all of a sudden.
The wall freezes the orc warrior.
The orc warrior hits you with a +0 mace.
You die...

#......#.......
#..#.........<.##
#...###.........##
#.............#..
..##.##.......# ....#.......#
#. #....(....# . # .
#..o....## #o#.#. ##oo@.#<.#
.. ..### #.#####.# ###o ...#
#.## #|# ).... #.## #..# #.#
.....o#..## ##.####.###
......o...####........###
...?..##......#.........#####
##### ###..........>.#.#...##
####.##......#......##


You could see an orc warrior, an orc wizard and an orc.

Vanquished Creatures
  A howler monkey skeleton (D:5)
  5 adders
  A white imp (D:6)
  An adder skeleton (D:4)
  2 dart slugs
  4 orcs (D:3)
  7 ball pythons
  8 endoplasms
  3 giant cockroaches
  8 goblins
  9 hobgoblins
  6 kobolds
  3 quokkas
  5 bats
  2 frilled lizards
  A jackal zombie (D:3)
  6 rats
72 creatures vanquished.

Notes
Turn   | Place    | Note
-------+----------+-------------------------------------------
     0 | D:1      | pkoi the Draconian Ice Elementalist began the quest for the
                  | Orb.
     0 | D:1      | Reached XP level 1. HP: 14/14 MP: 3/3
   283 | D:1      | Reached XP level 2. HP: 20/20 MP: 1/5
  1084 | D:1      | Reached skill level 5 in Ice Magic
  1118 | D:1      | Reached XP level 3. HP: 26/26 MP: 6/6
  1129 | D:1      | Learned a level 3 spell: Frozen Ramparts
  1895 | D:2      | Reached XP level 4. HP: 33/33 MP: 7/7
  2237 | D:3      | Learned a level 3 spell: Ozocubu's Armour
  2264 | D:3      | Found a blossoming altar of Fedhas.
  2345 | D:3      | You fall into a shaft and drop 3 floors!
  2656 | D:5      | Entered Level 5 of the Dungeon
  2697 | D:5      | Found a glowing golden altar of the Shining One.
  2995 | D:3      | Found a faded altar of an unknown god.
  3093 | D:3      | Learned a level 1 spell: Magic Dart
  3298 | D:3      | Found a runed translucent door.
  3298 | D:3      | Noticed a human
  3305 | D:3      | Reached XP level 5. HP: 33/38 MP: 9/9
  3375 | D:3      | Found a basalt altar of Yredelemnul.
  3855 | D:4      | Noticed an orc warrior
  3880 | D:4      | Slain by an orc warrior

Illustrated notes

Levels and vault maps discovered:
D:1:      noname_arrival_rooms_in_the_neighbourhood, layout_basic
D:2:      layout_basic, st_stairs_6, minmay_misc_feat_four_crosses
D:3:      layout_loops_ring, lemuel_round_altar, dk_yredelemnul_ordeal,
          ebering_ecumenical_altar_rust, nicolae_elevator_lobby_plus
D:4:      layout_rooms, nicolae_elyvilon_temple_path,
          grunt_temple_overflow_diamond, uniq_crazy_yiuf_cottage
D:5:      minmay_clustersquares, layout_loops_ring, tso_altar
D:6:      layout_loops_ring, marbit_many_paths, minmay_holes

Skill      XL: |  1  2  3  4 |
---------------+-------------+-----
Ice Magic      | 5 |  5.9
Stealth        | 2 |  2.1
Dodging        | |  1.7
Spellcasting   | |  2.6
Conjurations   | |  0.2

Action                   |  1- 3 |  4- 6 || total
-------------------------+-------+-------++-------
Melee: Dagger            |    23 |    39 ||    62
       Tailslap          |     4 |     4 ||     8
       Unarmed           |     2 |       ||     2
 Cast: Freeze            |    52 |    24 ||    76
       Magic Dart        |       |    14 ||    14
       Frozen Ramparts   |       |     3 ||     3
  Use: Potion            |       |     1 ||     1
Armor: Skin              |    12 |    20 ||    32
Dodge: Dodged            |    36 |    31 ||    67
